MLB
ATLANTA BRAVES @ PHILADELPHIA PHILLIES
08/02/2044
 
TOP OF THE 1ST
Atlanta Braves batting - Pitching for Philadelphia Phillies : LHP Lennart Hjelm
Pitching: LHP Lennart Hjelm
Batting: RHB Liangde Li 0-0: Ball
1-0: Called Strike
1-1: Swinging Strike
1-2: Ball
2-2: Strikes out swinging
Batting: RHB Ray Llewellyn 0-0: Called Strike
0-1: Called Strike
0-2: SINGLE (Groundball, 25, EV 69.4 MPH) (infield hit)
Batting: RHB Butch Kaiser 0-0: Ball
1-0: Ball
2-0: Called Strike
2-1: Ball
3-1: 2-RUN HOME RUN (Line Drive, 9LD, EV 93.8 MPH), Distance : 361 ft
Batting: SHB Ken Welch 0-0: SOLO HOME RUN (Flyball, 7D, EV 104.4 MPH), Distance : 406 ft
Batting: RHB John Creel 0-0: Ball
1-0: Ball
2-0: Ball
3-0: Base on Balls
Batting: RHB Jim Zucco 0-0: Ball
1-0: Ball
2-0: Ball
3-0: Called Strike
3-1: Base on Balls
John Creel to second
Batting: RHB Danny Anderson 0-0: Ball
John Creel steals 3rd base
Jim Zucco to second
1-0: Foul Ball, location: 2F
1-1: Ball
2-1: SINGLE (Groundball, 4M, EV 110.6 MPH) (infield hit)
John Creel scores
Jim Zucco to third
Batting: LHB Colin Worthington 0-0: Called Strike
0-1: Swinging Strike
0-2: Foul Ball, location: 2F
0-2: SINGLE (Groundball, 4M, EV 95.0 MPH)
Jim Zucco scores
Danny Anderson to second
Pitching: RHP Brandon Tuckson
Batting: LHB Tom Best 0-0: Fly out, F5 (Line Drive, 5, EV 72.5 MPH)
Batting: RHB Liangde Li 0-0: Called Strike
0-1: Fielders Choice at 2nd, 6-4 (Groundball, 6, EV 104.4 MPH)
Top of the 1st over - 5 runs, 5 hits, 0 errors, 2 left on base; Atlanta 5 - Philadelphia 0
BOTTOM OF THE 1ST
Philadelphia Phillies batting - Pitching for Atlanta Braves : RHP Jimmy Tasso
Pitching: RHP Jimmy Tasso
Batting: RHB Ji-an Li 0-0: Ball
1-0: Ball
2-0: Ball
3-0: Called Strike
3-1: Foul Ball, location: 2F
3-2: Fly out, F7 (Flyball, 78D, EV 96.9 MPH)
Batting: LHB Nick Canizales 0-0: Called Strike
0-1: Ground out 4-3 (Groundball, 34, EV 86.9 MPH)
Batting: LHB Eric Katz 0-0: Foul Ball, location: 2F
0-1: SINGLE (Flyball, 8RS, EV 88.8 MPH)
Batting: LHB Alberto Figueroa 0-0: Called Strike
Eric Katz steals 2nd base
0-1: Ball
1-1: Ball
2-1: Foul Ball, location: 2F
2-2: Ball
3-2: Base on Balls
Batting: RHB Raul de la Cruz 0-0: Called Strike
0-1: Ball
1-1: Foul Ball, location: 2F
1-2: Ball
2-2: Foul Ball, location: 2F
2-2: Strikes out swinging
Bottom of the 1st over - 0 runs, 1 hit, 0 errors, 2 left on base; Atlanta 5 - Philadelphia 0
TOP OF THE 2ND
Atlanta Braves batting - Pitching for Philadelphia Phillies : RHP Brandon Tuckson
Batting: RHB Ray Llewellyn 0-0: Called Strike
0-1: Ball
1-1: Swinging Strike
1-2: Ground out 3-1 (Groundball, 34, EV 111.3 MPH)
Batting: RHB Butch Kaiser 0-0: Called Strike
0-1: Ball
1-1: SINGLE (Groundball, 56D, EV 100.0 MPH)
Batting: SHB Ken Welch 0-0: Foul Ball, location: 2F
0-1: Foul Ball, location: 2F
0-2: Ball
1-2: Fly out, F8 (Flyball, 8LD, EV 98.1 MPH)
Batting: RHB John Creel 0-0: Ball
1-0: Ball
2-0: Called Strike
2-1: Swinging Strike
2-2: Strikes out swinging
Top of the 2nd over - 0 runs, 1 hit, 0 errors, 1 left on base; Atlanta 5 - Philadelphia 0
BOTTOM OF THE 2ND
Philadelphia Phillies batting - Pitching for Atlanta Braves : RHP Jimmy Tasso
Batting: LHB Jeff Luvisi 0-0: Ball
1-0: Ground out 4-3 (Groundball, 4, EV 95.6 MPH)
Batting: SHB Rafael Vazquez 0-0: Called Strike
0-1: Ball
1-1: Swinging Strike
1-2: Foul Ball, location: 2F
1-2: SINGLE (Groundball, 34D, EV 98.1 MPH)
Batting: RHB Mitch Boyd 0-0: Swinging Strike
0-1: Called Strike
0-2: Foul Ball, location: 2F
0-2: Strikes out swinging
Batting: RHB Luis Arce 0-0: SINGLE (Groundball, 4MS, EV 79.4 MPH) (infield hit)
Rafael Vazquez to second
Batting: RHB Ji-an Li 0-0: Ball
1-0: Fielders Choice at 2nd, 6-4 (Groundball, 6, EV 83.1 MPH)
Bottom of the 2nd over - 0 runs, 2 hits, 0 errors, 2 left on base; Atlanta 5 - Philadelphia 0
TOP OF THE 3RD
Atlanta Braves batting - Pitching for Philadelphia Phillies : RHP Brandon Tuckson
Batting: RHB Jim Zucco 0-0: Fly out, F9 (Flyball, 9S, EV 78.8 MPH)
Batting: RHB Danny Anderson 0-0: Ball
1-0: Ball
2-0: Foul Ball, location: 2F
2-1: Ball
3-1: Ground out 4-3 (Groundball, 4, EV 86.9 MPH)
Batting: LHB Colin Worthington 0-0: Hit by Pitch
Batting: LHB Tom Best 0-0: Ground out 4-3 (Groundball, 4, EV 87.5 MPH)
Top of the 3rd over - 0 runs, 0 hits, 0 errors, 1 left on base; Atlanta 5 - Philadelphia 0
BOTTOM OF THE 3RD
Philadelphia Phillies batting - Pitching for Atlanta Braves : RHP Jimmy Tasso
Batting: LHB Nick Canizales 0-0: Ball
1-0: Ball
2-0: Ball
3-0: Base on Balls
Batting: LHB Eric Katz 0-0: Fly out, F8 (Flyball, 8RS, EV 83.1 MPH)
Batting: LHB Alberto Figueroa 0-0: Ball
1-0: Called Strike
1-1: Called Strike
1-2: Ball
2-2: Strikes out looking
Batting: RHB Raul de la Cruz 0-0: Called Strike
Nick Canizales is caught stealing 2nd base 2-4
Bottom of the 3rd over - 0 runs, 0 hits, 0 errors, 0 left on base; Atlanta 5 - Philadelphia 0
TOP OF THE 4TH
Atlanta Braves batting - Pitching for Philadelphia Phillies : RHP Brandon Tuckson
Batting: RHB Liangde Li 0-0: Called Strike
0-1: Called Strike
0-2: Ground out 6-3 (Groundball, 6M, EV 85.6 MPH)
Batting: RHB Ray Llewellyn 0-0: SINGLE (Groundball, 6M, EV 80.6 MPH) (infield hit)
Batting: RHB Butch Kaiser 0-0: Ball
1-0: Swinging Strike
1-1: Called Strike
1-2: Ball
Ray Llewellyn steals 2nd base
2-2: Strikes out swinging
Batting: SHB Ken Welch 0-0: Foul Ball, location: 2F
0-1: Foul Ball, location: 2F
0-2: SINGLE (Line Drive, 8LS, EV 108.1 MPH)
Ray Llewellyn to third
Runner from 3rd tries for Home, SAFE, throw by CF to home
Ken Welch to second
Batting: RHB John Creel 0-0: Called Strike
0-1: Ball
1-1: Ball
2-1: Swinging Strike
2-2: Foul Ball, location: 2F
2-2: Foul Ball, location: 2F
2-2: Ball
3-2: Strikes out looking
Top of the 4th over - 1 run, 2 hits, 0 errors, 1 left on base; Atlanta 6 - Philadelphia 0
BOTTOM OF THE 4TH
Philadelphia Phillies batting - Pitching for Atlanta Braves : RHP Jimmy Tasso
Batting: RHB Raul de la Cruz 0-0: Called Strike
0-1: Ground out 6-3 (Groundball, 6, EV 90.6 MPH)
Batting: LHB Jeff Luvisi 0-0: Ground out 5-3 (Groundball, 56, EV 91.3 MPH)
Batting: SHB Rafael Vazquez 0-0: Foul Ball, location: 2F
0-1: Called Strike
0-2: Ball
1-2: SINGLE (Groundball, 34D, EV 105.0 MPH)
Batting: RHB Mitch Boyd 0-0: Called Strike
0-1: Called Strike
Rafael Vazquez steals 2nd base
0-2: Strikes out looking
Bottom of the 4th over - 0 runs, 1 hit, 0 errors, 1 left on base; Atlanta 6 - Philadelphia 0
TOP OF THE 5TH
Atlanta Braves batting - Pitching for Philadelphia Phillies : RHP Brandon Tuckson
Batting: RHB Jim Zucco 0-0: Ball
1-0: Swinging Strike
1-1: Fly out, F4 (Popup, 34S, EV 74.4 MPH)
Batting: RHB Danny Anderson 0-0: Called Strike
0-1: Foul Ball, location: 2F
0-2: Ball
1-2: Ball
2-2: Foul Ball, location: 2F
2-2: Ball
3-2: Base on Balls
Pitching: LHP Luis Concepcion
Batting: LHB Colin Worthington 0-0: Called Strike
0-1: Grounds into double play, 4-6-3 (Groundball, 4, EV 83.8 MPH)
Top of the 5th over - 0 runs, 0 hits, 0 errors, 0 left on base; Atlanta 6 - Philadelphia 0
BOTTOM OF THE 5TH
Philadelphia Phillies batting - Pitching for Atlanta Braves : RHP Jimmy Tasso
Batting: RHB Luis Arce 0-0: Ball
1-0: Ball
2-0: Ground out 6-3 (Groundball, 6, EV 102.5 MPH)
Batting: RHB Ji-an Li 0-0: Ball
1-0: Foul Ball, location: 2F
1-1: Called Strike
1-2: Foul Ball, location: 2F
1-2: Ball
2-2: Ball
3-2: SINGLE (Groundball, 15S, EV 73.1 MPH) (infield hit)
Batting: LHB Nick Canizales 0-0: Ball
1-0: Foul Ball, location: 2F
1-1: SINGLE (Flyball, 8LS, EV 98.8 MPH)
Ji-an Li to second
Batting: LHB Eric Katz 0-0: Ball
1-0: Called Strike
1-1: Swinging Strike
1-2: Foul Ball, location: 2F
1-2: Foul Ball, location: 2F
1-2: Ball
2-2: Foul Ball, location: 2F
2-2: Foul Ball, location: 2F
2-2: Strikes out swinging
Batting: LHB Alberto Figueroa 0-0: Ball
1-0: Fielders Choice at 2nd, 6-4 (Groundball, 6, EV 82.5 MPH)
Bottom of the 5th over - 0 runs, 2 hits, 0 errors, 2 left on base; Atlanta 6 - Philadelphia 0
TOP OF THE 6TH
Atlanta Braves batting - Pitching for Philadelphia Phillies : LHP Luis Concepcion
Batting: LHB Tom Best 0-0: Foul Ball, location: 2F
0-1: Ball
1-1: SINGLE (Groundball, 4MD, EV 105.0 MPH)
Batting: RHB Liangde Li 0-0: Ball
1-0: Ball
2-0: Ball
3-0: Called Strike
3-1: Base on Balls
Tom Best to second
Batting: RHB Ray Llewellyn 0-0: Ball
1-0: Swinging Strike
1-1: Foul Ball, location: 2F
1-2: Ball
2-2: Foul Ball, location: 2F
2-2: Foul Ball, location: 2F
2-2: Foul Ball, location: 2F
2-2: Grounds into double play, 4-6-3 (Groundball, 4, EV 81.9 MPH)
Tom Best to third
Batting: RHB Butch Kaiser 0-0: Foul Ball, location: 2F
0-1: Ball
1-1: Ball
2-1: Foul Ball, location: 2F
2-2: Fly out, F3 (Popup, 3F, EV 78.8 MPH)
Top of the 6th over - 0 runs, 1 hit, 0 errors, 1 left on base; Atlanta 6 - Philadelphia 0
BOTTOM OF THE 6TH
Philadelphia Phillies batting - Pitching for Atlanta Braves : RHP Jimmy Tasso
Batting: RHB Raul de la Cruz 0-0: Ground out U3 (Groundball, 34, EV 81.9 MPH)
Batting: LHB Jeff Luvisi 0-0: Foul Ball, location: 2F
0-1: Ball
1-1: Ball
2-1: Ball
3-1: Called Strike
3-2: Foul Ball, location: 2F
3-2: Foul Ball, location: 2F
3-2: Base on Balls
Batting: SHB Rafael Vazquez 0-0: Ball
Jeff Luvisi steals 2nd base
1-0: Ball
Jeff Luvisi steals 3rd base
2-0: SINGLE (Groundball, 4MD, EV 95.6 MPH)
Jeff Luvisi scores
Batting: RHB Mitch Boyd 0-0: Foul Ball, location: 2F
0-1: Called Strike
0-2: Fly out, F3 (Popup, 23F, EV 87.5 MPH)
Batting: RHB Luis Arce 0-0: Swinging Strike
0-1: Ball
Rafael Vazquez steals 2nd base
1-1: Ball
2-1: Foul Ball, location: 2F
2-2: Ball
3-2: Ground out 3-1 (Groundball, 34, EV 86.9 MPH)
Bottom of the 6th over - 1 run, 1 hit, 0 errors, 1 left on base; Atlanta 6 - Philadelphia 1
TOP OF THE 7TH
Atlanta Braves batting - Pitching for Philadelphia Phillies : LHP Luis Concepcion
Batting: SHB Ken Welch 0-0: Called Strike
0-1: Ball
1-1: Called Strike
1-2: Ground out 6-3 (Groundball, 6, EV 86.3 MPH)
Batting: RHB John Creel 0-0: Ground out 5-3 (Groundball, 56, EV 90.0 MPH)
Batting: RHB Jim Zucco 0-0: Foul Ball, location: 2F
0-1: Ball
1-1: Foul Ball, location: 2F
1-2: Ball
2-2: Fly out, F7 (Flyball, 78S, EV 98.1 MPH)
Top of the 7th over - 0 runs, 0 hits, 0 errors, 0 left on base; Atlanta 6 - Philadelphia 1
BOTTOM OF THE 7TH
Philadelphia Phillies batting - Pitching for Atlanta Braves : RHP Jimmy Tasso
Pitching: RHP Alex Montes
Batting: RHB Ji-an Li 0-0: Called Strike
0-1: Ball
1-1: Foul Ball, location: 2F
1-2: Foul Ball, location: 2F
1-2: Fly out, F7 (Flyball, 78M, EV 91.3 MPH)
Batting: LHB Nick Canizales 0-0: Called Strike
0-1: Ball
1-1: Fly out, F7 (Flyball, 78M, EV 90.0 MPH)
Batting: LHB Eric Katz 0-0: Ball
1-0: Ball
2-0: Ball
3-0: Base on Balls
Batting: LHB Alberto Figueroa 0-0: Ball
1-0: SINGLE (Flyball, 56D, EV 90.6 MPH)
Eric Katz to second
Batting: RHB Raul de la Cruz 0-0: Ball
1-0: Called Strike
1-1: TRIPLE (Line Drive, 89XD, EV 103.8 MPH)
Eric Katz scores
Alberto Figueroa scores
Batting: LHB Jeff Luvisi 0-0: Ball
1-0: Ball
Wild Pitch!
Raul de la Cruz scores
2-0: Ball
3-0: Base on Balls
Batting: SHB Rafael Vazquez 0-0: Ball
1-0: Called Strike
Jeff Luvisi steals 2nd base
1-1: Swinging Strike
1-2: Ball
2-2: 2-RUN HOME RUN (Flyball, 7LD, EV 91.9 MPH), Distance : 336 ft
Pitching: LHP Skylar Adams
Batting: RHB Mitch Boyd 0-0: Called Strike
0-1: DOUBLE (Groundball, 5L, EV 101.9 MPH)
Batting: RHB Luis Arce 0-0: Foul Ball, location: 2F
0-1: SINGLE (Line Drive, 78S, EV 107.5 MPH)
Mitch Boyd to third
Runner from 3rd tries for Home, SAFE, throw by LF to home
Batting: RHB Ji-an Li 0-0: TRIPLE (Line Drive, 78XD, EV 105.6 MPH)
Luis Arce scores
Batting: LHB Nick Canizales 0-0: Ball
1-0: Ball
2-0: Ball
3-0: Base on Balls
Batting: LHB Eric Katz 0-0: Ball
1-0: Ball
2-0: Called Strike
2-1: Swinging Strike
2-2: Strikes out swinging
Bottom of the 7th over - 7 runs, 6 hits, 0 errors, 2 left on base; Atlanta 6 - Philadelphia 8
TOP OF THE 8TH
Atlanta Braves batting - Pitching for Philadelphia Phillies : LHP Luis Concepcion
Pitching: RHP Rico Romero
Batting: RHB Danny Anderson 0-0: Called Strike
0-1: Swinging Strike
0-2: Fly out, F8 (Line Drive, 8LD, EV 100.6 MPH)
Batting: LHB Colin Worthington 0-0: Called Strike
0-1: Called Strike
0-2: Ball
1-2: Foul Ball, location: 2F
1-2: Fly out, F9 (Flyball, 9D, EV 91.3 MPH)
Batting: LHB Tom Best 0-0: SOLO HOME RUN (Flyball, 89XD, EV 110.0 MPH), Distance : 439 ft
Batting: RHB Liangde Li 0-0: Called Strike
0-1: Ball
1-1: Foul Ball, location: 2F
1-2: Ball
2-2: Ground out 6-3 (Groundball, 6, EV 87.5 MPH)
Top of the 8th over - 1 run, 1 hit, 0 errors, 0 left on base; Atlanta 7 - Philadelphia 8
BOTTOM OF THE 8TH
Philadelphia Phillies batting - Pitching for Atlanta Braves : LHP Skylar Adams
Pitching: RHP Adam Bonawitz
Batting: LHB Alberto Figueroa 0-0: Ball
1-0: Called Strike
1-1: Ground out 6-3 (Groundball, 6, EV 83.8 MPH)
Batting: RHB Raul de la Cruz 0-0: Ground out 6-3 (Groundball, 6M, EV 87.5 MPH)
Batting: LHB Jeff Luvisi 0-0: Ball
1-0: Ball
2-0: Swinging Strike
2-1: Swinging Strike
2-2: Fly out, F7 (Flyball, 78S, EV 88.8 MPH)
Bottom of the 8th over - 0 runs, 0 hits, 0 errors, 0 left on base; Atlanta 7 - Philadelphia 8
TOP OF THE 9TH
Atlanta Braves batting - Pitching for Philadelphia Phillies : RHP Rico Romero
Pitching: LHP Randy Karnes
Batting: RHB Ray Llewellyn 0-0: Called Strike
0-1: Foul Ball, location: 2F
0-2: Strikes out swinging
Batting: RHB Butch Kaiser 0-0: Ball
1-0: Called Strike
1-1: Swinging Strike
1-2: Ball
2-2: Strikes out swinging
Batting: SHB Ken Welch 0-0: Called Strike
0-1: Foul Ball, location: 2F
0-2: Strikes out looking
Top of the 9th over - 0 runs, 0 hits, 0 errors, 0 left on base; Atlanta 7 - Philadelphia 8
Thursday, March 31st , 2022 - OOTP Baseball 22.12 Build 89